 Dungeon Crawl Stone Soup version 0.31-a0-841-g038b102fc3 (webtiles) character file.

Game seed: 6782596892776773557

110607 Anon1729 the Bludgeoner (level 16, -18/147 HPs)
             Began as a Minotaur Monk on Sept 27, 2023.
             Was an Initiate of Yredelemnul.
             Demolished by a cyan very ugly thing (26 damage)
             ... on level 13 of the Dungeon.
             The game lasted 00:38:08 (25818 turns).

Anon1729 the Bludgeoner (Minotaur Monk)            Turns: 25818, Time: 00:38:08

Health: -18/147    AC: 25    Str: 32    XL:     16   Next: 7%
Magic:  45/45      EV: 14    Int: 19    God:    Yredelemnul [......]
Gold:   1825       SH: 11    Dex: 13    Spells: 15/15 levels left

rFire   . . .        j - +8 whip "Virhe" {flame, rN+ rCorr Int+2}
rCold   + . .        E - +0 kite shield
rNeg    + . .        O - +4 scale mail of Weightlessness {Rampage Drain Str+5}
rPois   +            V - +3 hat of Pondering {ponderous, Will+ MP+10 Int+5}
rElec   .            A - +2 cloak
rCorr   +            W - +0 pair of gloves of the Kappa {Str+3 Int+5}
SInv    +            t - +2 pair of boots of Zamp {rC+ SInv}
Will    +++..        U - amulet of the acrobat Stlth
                     b - ring "Exyeguol" {Will+ MP+9}
HPRegen 0.44/turn    R - ring of poison resistance
MPRegen 0.29/turn

%: acrobat, rampage
@: slow
A: horns 2, retaliatory headbutt
a: Renounce Religion, Recall Undead Harvest


You were on level 13 of the Dungeon.
You worshipped Yredelemnul.
Yredelemnul was pleased with you.
You visited 4 branches of the dungeon, and saw 21 of its levels.
You also visited: Sewer and Ice Cave.

You collected 2897 gold pieces.
You spent 1072 gold pieces at shops.

Inventory:

Hand Weapons
 j - the +8 whip "Virhe" (weapon) {flame, rN+ rCorr Int+2}
   (You found it on level 2 of the Dungeon)

   Int+2:     It affects your intelligence (+2).
   rN+:       It protects you from negative energy.
   rCorr:     It protects you from acid and corrosion.
Missiles
 o - 3 throwing nets
 C - 3 darts of dispersal
 I - 7 curare-tipped darts
Armour
 t - the +2 pair of boots of Zamp (worn) {rC+ SInv}
   (You bought it in a shop on level 2 of the Orcish Mines)

   rC+:       It protects you from cold.
   SInv:      It lets you see invisible.
 A - a +2 cloak (worn)
 E - a +0 kite shield (worn)
 O - the +4 scale mail of Weightlessness (worn) {Rampage Drain Str+5}
   (You found it on level 9 of the Dungeon)

   Str+5:     It affects your strength (+5).
   Drain:     It drains your maximum health when unequipped.
   Rampage:   It bestows one free step when moving towards enemies.
 V - the +3 hat of Pondering (worn) {ponderous, Will+ MP+10 Int+5}
   (You took it off Gastronok on level 2 of the Lair of Beasts)

   Int+5:     It affects your intelligence (+5).
   Will+:     It increases your willpower.
   MP+10:     It affects your magic capacity (+10).
 W - the +0 pair of gloves of the Kappa (worn) {Str+3 Int+5}
   (You found it on level 3 of the Lair of Beasts)

   Str+3:     It affects your strength (+3).
   Int+5:     It affects your intelligence (+5).
Jewellery
 b - the ring "Exyeguol" (left hand) {Will+ MP+9}
   (You found it on level 4 of the Lair of Beasts)

   [ring of magical power]

   Will+:     It increases your willpower.
   MP+9:      It affects your magic capacity (+9).
 B - the ring of Ymasukho {rC+ Will+ Str+3 Stlth-}
   (You found it in an ice cave)

   [ring of protection from cold]

   Str+3:     It affects your strength (+3).
   rC+:       It protects you from cold.
   Will+:     It increases your willpower.
   Stlth-:    It makes you less stealthy.
 R - a ring of poison resistance (right hand)
 U - an amulet of the acrobat (around neck)
 X - a ring of fire
 Z - a +6 ring of dexterity
Wands
 n - a wand of charming (15)
 w - a wand of flame (32)
 F - a wand of digging (7)
 H - a wand of acid (22)
 P - a wand of iceblast (7)
 T - a wand of mindburst (15)
Scrolls
 a - a scroll of poison
 c - a scroll of brand weapon
 f - 5 scrolls of enchant armour
 g - 2 scrolls of fear
 h - 6 scrolls of teleportation
 i - a scroll of blinking
 k - 3 scrolls of silence
 q - 5 scrolls of revelation
 u - 2 scrolls of enchant weapon
 y - 2 scrolls of vulnerability
 J - 2 scrolls of noise
 M - a scroll of immolation
 Q - 3 scrolls of fog
Potions
 d - 7 potions of invisibility
 e - 2 potions of mutation {unknown}
 l - 5 potions of cancellation
 m - 4 potions of haste {unknown}
 p - 2 potions of lignification {unknown}
 r - 10 potions of curing
 x - 2 potions of berserk rage {unknown}
 z - 6 potions of resistance
 D - 5 potions of might {unknown}
 G - 2 potions of heal wounds
 K - 2 potions of enlightenment {unknown}
 L - 5 potions of degeneration {unknown}
 N - 2 potions of attraction {unknown}
 S - a potion of magic {unknown}
 Y - a potion of brilliance {unknown}
Miscellaneous
 s - a box of beasts
 v - a lightning rod (4/4)


   Skills:
 + Level 14.3 Fighting
 * Level 16.6 Maces & Flails
 * Level 14.4 Armour
 - Level 10.0 Dodging
 + Level 10.1 Shields
 - Level 4.1 Unarmed Combat
 * Level 15.7 Invocations


You had 15 spell levels left.
You didn't know any spells.
Your spell library contained the following spells:

 Spells                   Type           Power      Damage    Failure   Level
 Apportation              Tloc           0%         N/A       45%         1
 Freeze                   Ice            0%         1d3       45%         1
 Necrotise                Necr           0%         1d4       45%         1
 Sandblast                Erth           0%         2d4       45%         1
 Summon Small Mammal      Summ           0%         N/A       45%         1
 Blink                    Tloc           0%         N/A       61%         2
 Ensorcelled Hibernation  Hex/Ice        0%         N/A       61%         2
 Jinxbite                 Hex            0%         N/A       61%         2
 Lesser Beckoning         Tloc           0%         N/A       61%         2
 Momentum Strike          Conj/Tloc      0%         3d8       61%         2
 Passwall                 Tmut/Erth      0%         N/A       61%         2
 Poisonous Vapours        Pois/Air       0%         N/A       61%         2
 Call Canine Familiar     Summ           0%         N/A       83%         3
 Dazzling Flash           Conj/Hex       0%         N/A       83%         3
 Hailstorm                Conj/Ice       0%         3d3       83%         3
 Mephitic Cloud           Conj/Pois/Air  0%         N/A       83%         3
 Stone Arrow              Conj/Erth      0%         3d7       83%         3
 Summon Guardian Golem    Hex/Summ       0%         N/A       83%         3
 Anguish                  Hex/Necr       0%         N/A       99%         4
 Animate Armour           Summ/Erth      0%         N/A       99%         4
 Brom's Barrelling Bould  Conj/Erth      0%         2d3       99%         4
 Olgreb's Toxic Radiance  Pois           0%         N/A       99%         4
 Summon Ice Beast         Ice/Summ       0%         N/A       99%         4
 Summon Lightning Spire   Summ/Air       0%         N/A       99%         4
 Vhi's Electric Charge    Tloc/Air       0%         N/A       99%         4
 Agony                    Necr           0%         N/A       100%        5
 Arcjolt                  Conj/Air       0%         1d10      100%        5
 Freezing Cloud           Conj/Ice/Air   0%         6-21      100%        5
 Lee's Rapid Deconstruct  Erth           0%         3d4*      100%        5
 Silence                  Hex/Air        0%         N/A       100%        5
 Summon Forest            Summ/Tloc      0%         N/A       100%        5
 Summon Mana Viper        Hex/Summ       0%         N/A       100%        5
 Summon Cactus Giant      Summ           0%         N/A       100%        6
 Discord                  Hex            0%         N/A       100%        8
 Ignition                 Fire           0%         3d3       100%        8
 Maxwell's Capacitive Co  Air            0%         ∞         100%        8
 Polar Vortex             Ice            0%         N/A       100%        9
 Simulacrum               Ice/Necr       Unusable   N/A       N/A         6

Dungeon Overview and Level Annotations

Branches:
Dungeon (13/15)            Temple (0/1) D:4            Lair (5/5) D:8
 Shoals (0/4) Lair:2       Spider (0/4) Lair:2        Slime (0/5) Lair:4
    Orc (2/2) D:10            Elf (1/3) Orc:2         Sewer (visited)
  IceCv (visited)
 Vaults: D:13-14

Altars:
Ashenzari
Cheibriados
Dithmenos
Okawaru
Wu Jian
Xom
Yredelemnul
Jiyva
Lugonu

Shops:
D:4 =(   D:11 (   Orc:2 (:[*

Portals:
Abyss: Orc:1

Annotations:
D:7 1 runed translucent door


Innate Abilities, Weirdness & Mutations

You have a pair of horns on your head.
You reflexively headbutt those who attack you in melee.


Message History

Your slime creature zombie hits the cyan very ugly thing.
There is a stone staircase leading down here.
The cyan very ugly thing gores your five-headed hydra zombie.
The cyan very ugly thing shocks your five-headed hydra zombie!!
Something gores your five-headed hydra zombie!!
Something shocks your five-headed hydra zombie!!
You can no longer trade souls for undead servants.
The cyan very ugly thing gores your five-headed hydra zombie!
The cyan very ugly thing shocks your five-headed hydra zombie!!
Your five-headed hydra zombie is destroyed!
You hit the cyan very ugly thing. You burn the cyan very ugly thing.
The cyan very ugly thing is heavily wounded.
You block the cyan very ugly thing's attack.
You whack the cyan very ugly thing! You burn the cyan very ugly thing.
The cyan very ugly thing is heavily wounded.
You whack the cyan very ugly thing! You burn the cyan very ugly thing.
The cyan very ugly thing is severely wounded.
The cyan very ugly thing gores you! The cyan very ugly thing shocks you!!
You closely miss the cyan very ugly thing.
You headbutt the cyan very ugly thing!
The cyan very ugly thing is almost dead.
You closely miss the cyan very ugly thing.
The cyan very ugly thing is almost dead.
You block the cyan very ugly thing's attack.
You whack the cyan very ugly thing! You burn the cyan very ugly thing.
Your headbutt misses the cyan very ugly thing.
The cyan very ugly thing is almost dead.
The boulder beetle leaps!
You hit the cyan very ugly thing. You burn the cyan very ugly thing.
The cyan very ugly thing is almost dead.
The cyan very ugly thing gores you. The cyan very ugly thing shocks you!!
* * * LOW HITPOINT WARNING * * *
The boulder beetle curls into a ball and begins rolling!
You closely miss the cyan very ugly thing.
The cyan very ugly thing is almost dead.
The cyan very ugly thing gores you!!
* * * LOW HITPOINT WARNING * * *
The cyan very ugly thing shocks you!!
You die...
Your body rises from the dead as a mindless zombie.

......(##
###...#.#####o#.#
#.....## #####.
#u#.# ###'### #.
#...# #...# #.
#.### ##...##
#.#####.# #.....#
#.......#
#..⌠..##
####.####
.......# ######B#
)......# #.@uo°.#
)......+ ########
###+####


You could see a cyan very ugly thing, a boulder beetle (rolling) and an orc
knight.

Vanquished Creatures
  Jorgrun (D:12)
  3 acid blobs (Lair:4)
  Gastronok (Lair:2)
  5 azure jellies
  2 quicksilver oozes
  A very ugly thing (D:13)
  A spectral acid blob (Lair:4)
  An acid blob zombie (Lair:4)
  Snorg (Lair:4)
  3 hydras (Lair:5)
  2 centaur warriors (D:13)
  3 boulder beetles
  9 two-headed ogres
  2 death yaks (Lair:5)
  An orc high priest (Orc:2)
  A tengu warrior (D:13)
  Urug (D:12)
  Lodul (D:12)
  A necromancer (D:10)
  Pikel (D:5)
  2 orc knights
  A harpy (D:13)
  2 orc sorcerers
  4 cyclopes
  A wolf spider (Lair:5)
  10 elephants
  5 black mambas
  An ice statue (IceCv)
  A torpor snail (Lair:4)
  12 cane toads
  An eye of devastation (Lair:4)
  2 unseen horrors
  A freezing wraith (D:13)
  3 kobold demonologists
  7 komodo dragons
  An efreet (D:13)
  4 rime drakes
  18 trolls
  4 hornets
  3 polar bears
  Grinder (D:5)
  A wolf spider simulacrum (D:13)
  5 blink frogs
  A dream sheep (Lair:5)
  8 slime creatures
  A snapping turtle (Lair:2)
  Sigmund (D:6)
  39 yaks
  An air elemental (Elf:1)
  6 wyverns
  3 shadows
  4 wraiths
  3 basilisks
  2 redbacks
  3 vampire mosquitoes
  2 steam dragons (D:7)
  3 wargs
  2 swamp worms (Lair:3)
  12 water moccasins
  4 acid dragons
  19 orc warriors
  2 ice beasts (D:7)
  A sky beast (D:7)
  A black bear (Lair:2)
  4 great orb of eyes simulacra (IceCv)
  A wolf (D:8)
  9 centaurs
  19 ogres
  A lemure (D:5)
  3 slime creature simulacra (IceCv)
  3 kobold brigands
  2 phantoms
  14 bullfrogs
  An earth elemental (Orc:2)
  4 glowing shapeshifter simulacra (IceCv)
  A gnoll sergeant (D:6)
  3 scorpions
  8 wights (D:7)
  2 howler monkeys (D:4)
  4 electric eels
  8 hounds
  A gnoll bouda (D:7)
  10 orc priests
  2 jellies
  Crazy Yiuf (D:4)
  8 iguanas
  15 orc wizards
  3 polar bear simulacra (D:10)
  4 yak simulacra (D:10)
  2 wolf simulacra (D:10)
  2 human simulacra (D:11)
  A hound zombie (D:8)
  8 gnolls
  11 adders
  12 white imps (D:12)
  2 ufetubi (D:6)
  5 worms
  2 dart slugs
  85 orcs
  13 ball pythons
  5 bats
  9 endoplasms
  9 giant cockroaches
  15 goblins
  19 hobgoblins
  8 jackals
  25 kobolds
  7 quokkas
  4 frilled lizards
  10 rats
  A lurking horror (Orc:1)
635 creatures vanquished.

Vanquished Creatures (collateral kills)
  Rupert (D:12)
  2 acid blobs (Lair:4)
  Donald (Orc:2)
  A quicksilver ooze (IceCv)
  The ghost of Cubre the Thaumaturge, a journeyman HuCj of Vehumet (Lair:4)
  2 ogre magi (Orc:2)
  2 hydras
  A centaur warrior (D:13)
  A death yak (Lair:5)
  A boulder beetle (D:13)
  5 two-headed ogres
  Sonja (D:12)
  2 deep trolls (Orc:2)
  5 slime creatures
  2 lindwurms
  An orc knight (Orc:1)
  A deep elf zephyrmancer (Orc:2)
  An ugly thing (D:12)
  2 manticores
  9 elephants
  A guardian serpent (Lair:5)
  2 ice statues (IceCv)
  3 black mambas (Lair:5)
  7 cane toads (Lair:5)
  A rime drake (Lair:5)
  4 komodo dragons
  A yaktaur (D:13)
  5 trolls
  2 hornets
  2 dream sheep (Lair:5)
  2 blink frogs (Lair:5)
  6 yaks
  4 wyverns (Lair:5)
  3 basilisks
  2 vampire mosquitoes
  2 acid dragons
  2 swamp worms (Lair:3)
  7 water moccasins
  11 orc warriors
  9 ogres
  A wolf (D:8)
  A centaur (D:6)
  A slime creature simulacrum (IceCv)
  A bullfrog (Lair:2)
  6 orc priests
  2 jellies
  6 orc wizards
  A polar bear simulacrum (D:10)
  A shapeshifter simulacrum (IceCv)
  A wolf simulacrum (D:10)
  22 orcs
  A giant cockroach (Sewer)
  2 quokkas (Sewer)
  A ball python (Sewer)
  4 frilled lizards
  3 kobolds
  A lurking horror (Orc:1)
173 creatures vanquished.

Vanquished Creatures (others)
  A spectral acid blob (Lair:4)
  An acid blob zombie (Lair:4)
  A spectral dire elephant (D:13)
  A two-headed ogre (D:9)
  An azure jelly zombie (Lair:4)
  2 quicksilver ooze zombies
  An ugly thing zombie (D:12)
  A hydra zombie (D:13)
  A slime creature (IceCv)
  3 black mamba zombies (Lair:5)
  3 slime creature zombies
  3 two-headed ogre zombies
  A tengu zombie (D:13)
  A spectral efreet (D:13)
  2 hornet zombies
  A rime drake zombie (Lair:5)
  A water moccasin zombie (Lair:5)
  A wyvern zombie (Lair:5)
  8 yak zombies
  5 troll zombies
  3 centaur zombies (D:13)
  6 bullfrog zombies
  A basilisk zombie (D:13)
  An acid dragon zombie (D:13)
  2 ice beast zombies (D:7)
  A sky beast zombie (D:7)
  8 ogre zombies
  A hound zombie (D:4)
  A steam dragon zombie (D:7)
  A human zombie (D:6)
  A jelly zombie (D:7)
  36 orc zombies
  4 spectral white imps (D:12)
  A bat zombie (D:3)
  A gnoll zombie (D:6)
  3 ball python zombies (Sewer)
  An endoplasm zombie (D:4)
  A frilled lizard zombie (Sewer)
  3 giant cockroach zombies
  4 goblin zombies
  A hobgoblin zombie (D:1)
  5 kobold zombies
125 creatures vanquished.

Grand Total: 933 creatures vanquished

Notes
Turn   | Place    | Note
-------+----------+-------------------------------------------
     0 | D:1      | Anon1729 the Minotaur Monk began the quest for the Orb.
     0 | D:1      | Reached XP level 1. HP: 19/19 MP: 0/0
   363 | D:1      | Reached XP level 2. HP: 26/27 MP: 1/1
   446 | D:1      | Found a faded altar of an unknown god.
   560 | D:1      | Reached XP level 3. HP: 21/33 MP: 2/2
   866 | D:1      | Prayed at the altar of an unknown god.
   866 | D:1      | Became a worshipper of Yredelemnul the Dark
  1017 | D:1      | Reached XP level 4. HP: 26/41 MP: 3/3
  1093 | D:2      | Identified the +8 whip "Virhe" {flame, rN+ rCorr Int+2}
  1151 | D:2      | Reached * piety under Yredelemnul
  1409 | D:2      | Reached ** piety under Yredelemnul
  1410 | D:2      | Reached skill level 1 in Maces & Flails
  1664 | D:2      | Reached XP level 5. HP: 47/47 MP: 4/4
  1906 | D:3      | Reached skill level 1 in Invocations
  2009 | D:3      | Reached skill level 5 in Fighting
  2514 | D:3      | Found a snail-covered altar of Cheibriados.
  2854 | D:4      | Reached skill level 2 in Maces & Flails
  2881 | D:4      | Identified the +10 dagger of Mutitza {protect, Str+6 Int+7
                  | Dex-4}
  2890 | D:4      | Found a staircase to the Ecumenical Temple.
  2920 | D:4      | Reached XP level 6. HP: 49/56 MP: 6/6
  2943 | D:4      | Reached skill level 5 in Dodging
  2962 | D:4      | Reached XP level 7. HP: 31/62 MP: 8/8
  2964 | D:4      | Reached skill level 3 in Maces & Flails
  3118 | D:4      | Found Doleonuf's Antique Weapon Boutique.
  3147 | D:4      | Found a glowing drain.
  3158 | Sewer    | Entered a sewer
  3796 | D:4      | Found Cisar's Jewellery Shoppe.
  3920 | D:4      | Found a runed translucent door.
  3921 | D:4      | Noticed Crazy Yiuf
  4169 | D:4      | Killed Crazy Yiuf
  4173 | D:4      | Identified the +5 hammer of the Scavenger {protect, rPois
                  | Int+2}
  4210 | D:5      | Entered Level 5 of the Dungeon
  4210 | D:5      | Noticed Grinder
  4215 | D:5      | Killed Grinder
  4216 | D:5      | Reached skill level 4 in Maces & Flails
  4216 | D:5      | Reached skill level 5 in Invocations
  4216 | D:5      | Reached XP level 8. HP: 63/71 MP: 10/10
  4247 | D:5      | Noticed Pikel
  4258 | D:5      | Killed Pikel
  4259 | D:5      | Reached skill level 5 in Maces & Flails
  4526 | D:5      | Reached *** piety under Yredelemnul
  5025 | D:6      | Found an ornate altar of the Wu Jian Council.
  5077 | D:6      | Identified the +3 dagger of Piestat {drain, rF+ rC+ SInv}
  5108 | D:6      | Reached XP level 9. HP: 68/80 MP: 13/13
  5217 | D:6      | Noticed Sigmund
  5227 | D:6      | Killed Sigmund
  5228 | D:6      | Reached skill level 6 in Maces & Flails
  5460 | D:6      | Your ally Sigmund died
  5629 | D:6      | Reached **** piety under Yredelemnul
  5744 | D:6      | Reached ***** piety under Yredelemnul
  6161 | D:7      | Found an iron altar of Okawaru.
  6240 | D:7      | Reached skill level 7 in Maces & Flails
  6502 | D:7      | Reached XP level 10. HP: 90/90 MP: 15/15
  6557 | D:7      | Noticed a two-headed ogre
  6567 | D:7      | Killed a two-headed ogre
  6871 | D:7      | Reached skill level 8 in Maces & Flails
  7151 | D:7      | Found a runed translucent door.
  7152 | D:7      | Found a runed translucent door.
  7357 | D:8      | Noticed a two-headed ogre
  7365 | D:8      | Killed a two-headed ogre
  7372 | D:8      | Reached skill level 10 in Invocations
  7541 | D:8      | Found a staircase to the Lair.
  7869 | D:8      | Reached skill level 10 in Fighting
  8091 | D:8      | Reached XP level 11. HP: 62/99 MP: 17/17
  8492 | D:8      | Found a shadowy altar of Dithmenos.
  8822 | D:9      | Identified the +4 quarterstaff of Spores {drain, rPois
                  | Int-4 Stlth+}
  8849 | D:9      | Noticed a two-headed ogre
  8861 | D:9      | Killed a two-headed ogre
  8862 | D:9      | Reached skill level 9 in Maces & Flails
  8862 | D:9      | Reached skill level 1 in Armour
  9109 | D:9      | Reached skill level 1 in Shields
  9282 | D:9      | Noticed a two-headed ogre
  9294 | D:9      | Killed a two-headed ogre
  9332 | D:9      | Noticed a two-headed ogre
  9924 | D:9      | Identified the +4 scale mail of Weightlessness {Rampage
                  | Drain Str+5}
 10360 | D:10     | Entered Level 10 of the Dungeon
 10378 | D:10     | Noticed a sun demon
 10586 | D:10     | Found a staircase to the Orcish Mines.
 10881 | D:10     | Reached skill level 10 in Maces & Flails
 11364 | D:10     | Noticed a necromancer
 11375 | D:10     | Killed a necromancer
 11744 | Lair:1   | Entered Level 1 of the Lair of Beasts
 11790 | Lair:1   | Reached skill level 5 in Armour
 12890 | Lair:2   | Reached XP level 12. HP: 108/108 MP: 19/19
 12982 | Lair:2   | Reached skill level 10 in Dodging
 13223 | Lair:2   | Found a hole to the Spider Nest.
 13379 | Lair:2   | Found a staircase to the Shoals.
 13423 | Lair:2   | Reached skill level 11 in Maces & Flails
 13673 | Lair:2   | Noticed Gastronok
 13686 | Lair:2   | Killed Gastronok
 14200 | Lair:3   | Found a transporter.
 14269 | Lair:3   | Found a shimmering altar of Xom.
 14445 | Lair:3   | Found a transporter.
 14498 | Lair:3   | Reached skill level 5 in Shields
 15431 | Lair:4   | Reached skill level 12 in Maces & Flails
 15528 | Lair:4   | Found a runed translucent gate.
 15529 | Lair:4   | Found a runed translucent gate.
 15529 | Lair:4   | Noticed an azure jelly
 15530 | Lair:4   | Found a runed translucent gate.
 15530 | Lair:4   | Noticed an acid blob
 15531 | Lair:4   | Noticed Cubre's ghost (journeyman HuCj)
 15531 | Lair:4   | Noticed an azure jelly
 15531 | Lair:4   | Noticed an acid blob
 15532 | Lair:4   | Noticed an acid blob
 15658 | Lair:4   | Reached XP level 13. HP: 78/117 MP: 21/21
 15797 | Lair:4   | Found a staircase to the Slime Pits.
 15798 | Lair:4   | Found a viscous altar of Jiyva.
 15813 | Lair:4   | Reached ****** piety under Yredelemnul
 15998 | Lair:4   | Noticed a quicksilver ooze
 16059 | Lair:4   | Noticed an acid blob
 16114 | Lair:4   | Noticed an acid blob
 16115 | Lair:4   | Found a viscous altar of Jiyva.
 16115 | Lair:4   | Noticed an azure jelly
 16184 | Lair:4   | Noticed Snorg
 16196 | Lair:4   | Killed Snorg
 16502 | Lair:4   | Killed an acid blob
 16505 | Lair:4   | Killed an acid blob
 16505 | Lair:4   | Killed an azure jelly
 16507 | Lair:4   | Killed an acid blob
 16507 | Lair:4   | Killed a quicksilver ooze
 16507 | Lair:4   | Killed an acid blob
 16508 | Lair:4   | Killed an azure jelly
 16508 | Lair:4   | Killed an azure jelly
 16509 | Lair:4   | Reached skill level 13 in Maces & Flails
 16509 | Lair:4   | Killed an acid blob
 16510 | Lair:4   | Reached skill level 10 in Armour
 16783 | Lair:4   | Killed Cubre's ghost
 16788 | Lair:4   | Identified the ring "Exyeguol" {Will+ MP+9}
 17034 | Lair:5   | Entered Level 5 of the Lair of Beasts
 17360 | Lair:5   | Reached XP level 14. HP: 120/127 MP: 23/23
 17643 | Lair:5   | Reached skill level 14 in Maces & Flails
 19085 | Lair:3   | Identified the +0 pair of gloves of the Kappa {Str+3 Int+5}
 19325 | Orc:1    | Entered Level 1 of the Orcish Mines
 19638 | Orc:2    | Entered Level 2 of the Orcish Mines
 19665 | Orc:2    | Found Womehoa's Assorted Antiques.
 19666 | Orc:2    | Found Tajul's Armour Shoppe.
 19709 | Orc:2    | Reached skill level 15 in Maces & Flails
 19742 | Orc:2    | Reached XP level 15. HP: 35/136 MP: 25/25
 19755 | Orc:2    | Found Nuwiwuiv's Book Boutique.
 19759 | Orc:2    | Bought the +2 pair of boots of Zamp {rC+ SInv} for 490 gold
                  | pieces
 20133 | Orc:2    | Bought a pitted chain mail for 247 gold pieces
 20133 | Orc:2    | Identified the +3 chain mail of Zamihifa {rC- Regen+
                  | Stlth+} (You bought it in a shop on level 2 of the Orcish
                  | Mines)
 20133 | Orc:2    | Bought a potion of invisibility for 208 gold pieces
 20133 | Orc:2    | Bought a scroll of fear for 104 gold pieces
 20133 | Orc:2    | Bought a fuming pink potion for 23 gold pieces
 20138 | Orc:2    | Found Daskayth's Weapon Emporium.
 20158 | Orc:2    | Noticed Donald
 20184 | Orc:2    | Killed Donald
 20268 | Orc:2    | Found a staircase to the Elven Halls.
 21170 | Orc:1    | Found a corrupted altar of Lugonu.
 21177 | Orc:1    | Found a one-way gate to the infinite horrors of the Abyss.
 21318 | Elf:1    | Entered Level 1 of the Elven Halls
 21396 | D:11     | Reached skill level 15 in Invocations
 22207 | D:11     | Found Zutzajy's Weapon Shoppe.
 22529 | D:12     | Found a frozen archway.
 22582 | D:12     | Noticed Lodul
 22594 | D:12     | Killed Lodul
 22742 | IceCv    | Entered an ice cave
 23148 | IceCv    | Reached skill level 16 in Maces & Flails
 23325 | IceCv    | Found a viscous altar of Jiyva.
 23325 | IceCv    | Noticed an azure jelly
 23327 | IceCv    | Noticed an azure jelly
 23334 | IceCv    | Killed an azure jelly
 23341 | IceCv    | Killed an azure jelly
 23456 | IceCv    | Identified the +0 ice dragon scales of Subjectivity
                  | {Rampage rF- rC++}
 23459 | IceCv    | Identified the ring of Ymasukho {rC+ Will+ Str+3 Stlth-}
 23462 | IceCv    | Got a sparkling book
 23555 | D:12     | Noticed Urug
 23565 | D:12     | Killed Urug
 23766 | D:12     | Noticed Rupert
 23938 | D:12     | Found a broken altar of Ashenzari.
 23959 | D:12     | Noticed Sonja
 23970 | D:12     | Killed Sonja
 24076 | D:12     | Noticed Jorgrun
 24087 | D:12     | Killed Jorgrun
 24566 | D:12     | Your ally Urug died
 24871 | D:12     | Killed Rupert
 25543 | D:13     | Reached skill level 10 in Shields
 25578 | D:13     | Reached XP level 16. HP: 104/146 MP: 26/26
 25818 | D:13     | Demolished by a cyan very ugly thing

Illustrated notes

Levels and vault maps discovered:
D:1:      giann_wishing_wells, layout_loops_ring,
          shapermc_ecumenical_altar_mp_ritualfount
D:2:      layout_basic
D:3:      layout_loops_corners, cheibrodos_worm_habitat, glass_columns_a,
          minivault_25
D:4:      minmay_bubble_buster, layout_rooms, minmay_temple_entry_large_hall,
          serial_shops, shop, nicolae_shop_stone, portal_sewer_entry_d,
          uniq_crazy_yiuf_cottage
D:5:      layout_loops_cross, uniq_grinder, uniq_pikel
D:6:      corexii_shantytown, layout_basic, nicolae_wu_jian_immortal_techniques,
          lightli_orcish_oven, uniq_sigmund
D:7:      minmay_the_grid_four_pointed_star
          [minmay_the_grid_triangle_9x9_tough_junction,
          minmay_the_grid_triangle_9x9_empty,
          minmay_the_grid_triangle_9x9_negative_grid,
          minmay_the_grid_triangle_9x9_limited_checkers,
          minmay_the_grid_prize_big_room], layout_cave_pools, lemuel_round_altar
D:8:      layout_gridville, kennysheep_mini, erik_lair_island
D:9:      layout_roguey [special_room_orc]
D:10:     layout_layer_cave, david_orc_2, eino_house_with_fridge
D:11:     layout_roguey [special_room_orc], serial_shops,
          nicolae_shop_rolling_square, minmay_liquid_box, st_stairs_7,
          grunt_ministairs_1, bh_circular_ruins
D:12:     layout_roguey, portal_ice_cave_entry_imps,
          nicolae_ashenzari_panopticon, uniq_urug, uniq_lodul, uniq_sonja,
          uniq_jorgrun, uniq_rupert
D:13:     layout_loops_ring, hellmonk_vaults_order_and_chaos, enter_trove_5,
          nicolae_rejected_hall
Lair:1:   layout_layer_cave, columned_hall_lemuel
Lair:2:   layout_loops_ring, minmay_shoals_entry_hut, spider_nest_entry_webs,
          uniq_gastronok
Lair:3:   gammafunk_worm_tunnel, layout_regular_city, basic_altar,
          serial_bayou_pond_d
Lair:4:   layout_regular_city, nicolae_slime_entry_slimehenge,
          gammafunk_ghost_ooze, uniq_snorg
Lair:5:   hangedman_lair_in_review, layout_cave_pods,
          hangedman_lair_tendril_chambers
Orc:1:    layout_caves, amcnicky_altar_lugonu_corruption
Orc:2:    st_orc_open, layout_caves, uniq_donald
Elf:1:    elf_arrival_002, layout_geoelf_octagon, serial_shops, shop,
          gammafunk_ghost_abyssal_escape, hangedman_corner_corridor

Skill      XL: |  1  2  3  4  5  6  7  8  9 10 11 12 13 14 15 |
---------------+----------------------------------------------+-----
Fighting       | 4 5 6 7 8 10 11 12 13 14 | 14.3
Dodging        | 4 5 6 8 9 10 | 10.0
Unarmed Combat | 4 |  4.1
Maces & Flails | 1 2 4 5 7 8 10 12 13 15 16 | 16.6
Invocations    | 2 3 5 6 8 10 11 12 13 14 15 | 15.7
Armour         | 5 8 10 12 14 | 14.4
Shields        | 3 5 7 8 10 | 10.1

Action                     |  1- 3 |  4- 6 |  7- 9 | 10-12 | 13-15 | 16-18 || total
---------------------------+-------+-------+-------+-------+-------+-------++-------
  Melee: Unarmed           |    56 |     3 |       |       |       |       ||    59
         Headbutt          |    14 |    12 |    63 |   144 |   273 |     9 ||   515
         Whip              |       |   104 |   241 |   519 |  1001 |    32 ||  1897
 Invoke: Recall Undead Har |       |     1 |       |     5 |    14 |     1 ||    21
         Dark Bargain      |       |       |       |     2 |    10 |       ||    12
         Bind Soul         |       |       |       |     1 |     1 |       ||     2
  Evoke: Wand              |       |       |       |     8 |     4 |       ||    12
         Lightning rod     |       |       |       |     1 |     8 |       ||     9
    Use: Scroll            |       |       |     6 |    10 |     9 |       ||    25
         Potion            |       |       |       |       |     4 |       ||     4
   Stab: Distracted        |       |     2 |       |     5 |    20 |     2 ||    29
 Armour: Robe              |    38 |       |       |       |       |       ||    38
         Leather armour    |       |    48 |   120 |   126 |       |       ||   294
         Scale mail        |       |       |       |   160 |   505 |    22 ||   687
  Dodge: Dodged            |    36 |    55 |   146 |   258 |   451 |    14 ||   960
  Block: Kite shield       |       |       |       |       |   410 |    11 ||   421

Table legend: (Time is in decaauts)
 A = Elapsed time spent in this place.
 B = Non-inter-level travel time spent in this place.
 C = Inter-level travel time spent in this place.
 D = Time resting spent in this place.
 E = Time spent auto-exploring this place.
 F = Levels seen in this place.
 G = Mean time per level.
                   A        B        C        D        E       F      G
               +--------+--------+--------+--------+--------+-----+--------+
         Total |  25911 |  24288 |   1623 |   1834 |  18465 |  23 | 1126.6 |
       Dungeon |  14935 |  13740 |   1195 |    948 |  10603 |  13 | 1148.8 |
          Lair |   7605 |   7280 |    325 |    488 |   5663 |   5 | 1521.0 |
  Orcish Mines |   2011 |   1910 |    101 |    346 |   1291 |   2 | 1005.5 |
   Elven Halls |      5 |      5 |      0 |      0 |      0 |   1 |    5.0 |
         Sewer |    554 |    554 |      0 |      0 |    395 |   1 |  554.0 |
      Ice Cave |    800 |    800 |      0 |     52 |    512 |   1 |  800.0 |
               +--------+--------+--------+--------+--------+-----+--------+

Top non-repeatable levels by time:
  Lair:5: 1940 daAuts
    D:12: 1934 daAuts
  Lair:4: 1752 daAuts
     D:9: 1647 daAuts
  Lair:3: 1558 daAuts
     D:7: 1439 daAuts
    D:10: 1355 daAuts
     D:6: 1228 daAuts
  Lair:2: 1200 daAuts
   Orc:1: 1170 daAuts
  Lair:1: 1153 daAuts
    D:11: 1141 daAuts
     D:8: 1094 daAuts
     D:1: 1070 daAuts
     D:3: 1016 daAuts
